 Dungeon Crawl Stone Soup version 0.25.1-8-g42b30a86e7 (webtiles) character file.

Game seed: 411376893424452383

61492 DearestLeader the Devastator (level 14, -12/111 HPs)
             Began as a Purple Draconian Conjurer on Dec 15, 2020.
             Was a High Priest of Vehumet.
             Mangled by a two-headed ogre
             ... wielding a +0 giant spiked club
              (23 damage)
             ... while paralysed by an ogre mage
             ... on level 2 of the Orcish Mines on Dec 16, 2020.
             The game lasted 01:10:17 (27877 turns).

DearestLeader the Devastator (DrCj)                Turns: 27877, Time: 01:10:18

Health: -12/111    AC: 14    Str: 10    XL:     14   Next: 60%
Magic:  39/39      EV:  2    Int: 26    God:    Vehumet [*****.]
Gold:   1408       SH:  0    Dex:  7    Spells: 24/38 levels left

rFire    + + +     SeeInvis .   V - staff of conjuration
rCold    + + .     Gourm    .   M - +0 buckler
rNeg     . . .     Faith    .   (armour unavailable)
rPois    .         Spirit   .   U - +0 hat "Curr" {*Slow rC++ Int+5}
rElec    .         Reflect  .   W - scarf {repulsion}
rCorr    .         Harm     .   Q - +2 pair of gloves of the Dragon {rF++ MP+9 Dex-5 Slay+3}
MR       ++...                  o - +2 pair of boots {run}
Stlth    +.........             I - amulet of magic regeneration
HPRegen  0.28/turn              g - ring of protection from fire
MPRegen  0.51/turn              p - ring of wizardry

@: paralysed, repel missiles, quick
A: breathe power, unfitting armour, cold-blooded, AC +8
a: Breathe Dispelling Energy, Renounce Religion


You were on level 2 of the Orcish Mines.
You worshipped Vehumet.
Vehumet was extremely pleased with you.
You were not hungry.

You visited 4 branches of the dungeon, and saw 19 of its levels.

You collected 1507 gold pieces.
You spent 99 gold pieces at shops.

Inventory:

Hand Weapons
 y - the +7 rapier of Uruxoly {drain, Str+8}
   (You found it on level 4 of the Dungeon)

   A truly terrible weapon, it drains the life of those it strikes.
   It affects your strength (+8).
 X - the +8 whip "Snakebite" {curare, rPois}
   (You found it on level 4 of the Lair of Beasts)

   It poisons the flesh of those it strikes.
   It protects you from poison.
Armour
 o - a +2 pair of boots of running (worn)
 M - a +0 buckler (worn)
 N - a +0 cloak
 Q - the +2 pair of gloves of the Dragon (worn) {rF++ MP+9 Dex-5 Slay+3}
   (You acquired it on level 3 of the Lair of Beasts)

   It affects your dexterity (-5).
   It affects your accuracy and damage with ranged weapons and melee attacks
   (+3).
   It greatly protects you from fire.
   It affects your magic capacity (+9).
 U - the +0 hat "Curr" (worn) {*Slow rC++ Int+5}
   (You found it on level 2 of the Lair of Beasts)

   It affects your intelligence (+5).
   It greatly protects you from cold.
   It may slow you when you take damage.
 W - a scarf of repulsion (worn)
Magical Staves
 R - an uncursed staff of energy
 V - an uncursed staff of conjuration (weapon)
Jewellery
 f - a +6 ring of intelligence
 g - a ring of protection from fire (left hand)
 p - a ring of wizardry (right hand)
 z - an uncursed ring of wizardry
 D - an uncursed amulet of reflection
 I - an amulet of magic regeneration (around neck)
 Z - an uncursed amulet of guardian spirit {unknown}
Wands
 h - a wand of acid (6)
 s - a wand of paralysis (18)
 t - a wand of enslavement (12)
 x - a wand of random effects (32)
 B - a wand of disintegration (9)
 P - a wand of flame (27)
 T - a wand of iceblast (8)
Scrolls
 a - 4 scrolls of fear
 e - 3 scrolls of immolation
 k - 5 scrolls of fog
 m - 9 scrolls of teleportation
 r - 4 scrolls of enchant armour
 A - a scroll of summoning {unknown}
 C - 4 scrolls of enchant weapon
 G - 4 scrolls of magic mapping
 J - 3 scrolls of silence
 K - 10 scrolls of remove curse
 O - 2 scrolls of blinking
 S - 3 scrolls of vulnerability
Potions
 c - 3 potions of flight
 d - 5 potions of haste
 i - 8 potions of brilliance
 j - a potion of invisibility
 l - 3 potions of ambrosia {unknown}
 n - 6 potions of heal wounds
 q - 2 potions of cancellation
 u - 2 potions of mutation {unknown}
 v - 2 potions of might
 w - 2 potions of magic {unknown}
 E - a potion of stabbing {unknown}
 L - a potion of berserk rage {unknown}
 Y - 2 potions of curing
Miscellaneous
 H - a phantom mirror
Comestibles
 b - 34 rations


   Skills:
 + Level 6.5 Fighting
 - Level 6.1 Short Blades
 + Level 8.4 Dodging
 - Level 1.7 Stealth
 - Level 4.0 Shields
 + Level 12.8 Spellcasting
 * Level 17.4 Conjurations
 - Level 6.1 Hexes
 - Level 5.0 Charms


You had 24 spell levels left.
You knew the following spells:

 Your Spells              Type           Power        Failure   Level  Hunger
a - Magic Dart            Conj           ####         0%          1    None
b - Searing Ray           Conj           ######       0%          2    None
c - Fulminant Prism       Conj/Hex       #######...   1%          4    None
d - Iskenderun's Battles  Conj/Chrm      #######.     1%          5    ###....
e - Swiftness             Chrm/Air       ####....     1%          2    None

Your spell library contained the following spells:

 Spells                   Type           Power        Failure   Level  Hunger
 Bolt of Magma            Conj/Fire/Erth ######....   1%          5    ###....
 Shock                    Conj/Air       ####         1%          1    None
 Summon Butterflies       Summ           ###.....     1%          1    None
 Dazzling Flash           Conj/Hex       ######       1%          3    None
 Ignite Poison            Fire/Tmut/Pois ###.....     1%          3    None
 Static Discharge         Conj/Air       #######.     1%          3    None
 Iskenderun's Mystic Bla  Conj/Tloc      #######.     1%          4    None
 Lightning Bolt           Conj/Air       #######...   1%          5    ###....
 Corpse Rot               Necr/Air       N/A          2%          2    None
 Poisonous Vapours        Pois/Air       ###...       2%          2    None
 Call Canine Familiar     Summ           ###.....     4%          3    None
 Spider Form              Tmut/Pois      ###.......   4%          3    None
 Vampiric Draining        Necr           ###.......   4%          3    None
 Airstrike                Air            ###.......   4%          4    None
 Summon Mana Viper        Hex/Summ       ####....     11%         5    ###....
 Summon Ice Beast         Ice/Summ       ###.....     14%         4    None
 Agony                    Necr           ###.....     34%         5    ###....
 Simulacrum               Ice/Necr       ###.......   88%         6    #####..
 Summon Hydra             Summ           ###.......   100%        7    ######.


Dungeon Overview and Level Annotations

Branches:
Dungeon (10/15)            Temple (1/1) D:7            Lair (6/6) D:8
  Swamp (0/4) Lair:4        Snake (0/4) Lair:2        Slime (0/5) Lair:5
    Orc (2/2) D:9             Elf (0/3) Orc:2

Altars:
Ashenzari
Cheibriados
Dithmenos
Elyvilon
Fedhas
Gozag
Hepliaklqana
Kikubaaqudgha
Makhleb
Nemelex Xobeh
Okawaru
Qazlal
Ru
Sif Muna
Trog
Uskayaw
Vehumet
Wu Jian
Xom
Zin
The Shining One

Shops:
D:8 %=   D:9 [   Orc:2 %%


Innate Abilities, Weirdness & Mutations

You can breathe bolts of dispelling energy.
Your rich purple scales are hard. (AC +8)
You cannot fit into any form of body armour.
You are cold-blooded and may be slowed by cold attacks.


Message History

The troll bites you but does no damage. The troll claws you. x2
The two-headed ogre hits you but does no damage.
The two-headed ogre hits you with a +0 giant club!
The ogre mage hits you but does no damage.
An orc warrior comes into view. It is wielding a +0 glaive.
The cyclops hits you!!
* * * LOW HITPOINT WARNING * * *
An orc priest comes into view. It is wielding a +0 whip.
The orc priest shouts!
The troll bites you.
* * * LOW HITPOINT WARNING * * *
The troll claws you.
* * * LOW HITPOINT WARNING * * *
The troll claws you!
* * * LOW HITPOINT WARNING * * *
The ogre mage hits you but does no damage.
The orc high priest hits you but does no damage.
The two-headed ogre barely misses you.
The two-headed ogre hits you with a +0 giant club!!
You die...

#...........
##....)......
#..o.........
##......[.....
##...#$)[..T...
#.....)).......
##...#oO.รท.....
###.#OCT......
#.....@.o.[).h
#.......4......
##..#......#..o
#...###........
##. ##....... #
#.#..#. #####


You could see an orc high priest, a two-headed ogre, an ogre mage (fast), a
cyclops, an ice devil (summoned), 2 trolls, a warg (wandering), 2 orc priests
and an orc.

Vanquished Creatures
  Jorgrun (Orc:2)
  4 hydras
  5 two-headed ogres
  Erica (D:8)
  Urug (Lair:5)
  Sonja (Orc:2)
  Nergalle (Lair:3)
  A deep troll (Orc:2)
  Pikel (D:5)
  2 orc knights (Orc:1)
  2 orc sorcerers (Orc:1)
  4 black mambas
  Maurice (Orc:1)
  26 spiny frogs
  10 komodo dragons
  3 rime drakes
  A polar bear (Lair:6)
  9 trolls
  4 tyrant leeches (Lair:6)
  Grinder (D:5)
  7 dream sheep (Lair:6)
  2 slime creatures (Lair:5)
  29 blink frogs
  4 hippogriffs
  Sigmund (D:5)
  70 yaks
  A spriggan (D:7)
  A steam dragon (Lair:4)
  2 wyverns
  9 vampire mosquitoes
  3 basilisks (Lair:2)
  5 wargs
  2 hungry ghosts (D:9)
  2 nagas (Lair:2)
  Edmund (D:4)
  Duvessa (D:5)
  11 water moccasins
  7 porcupines
  20 orc warriors
  4 slaves (D:5)
  3 ice beasts
  3 phantoms
  5 sky beasts
  5 wolves (D:8)
  12 ogres
  3 centaurs
  13 crocodiles
  2 big kobolds
  A gnoll sergeant (D:10)
  16 bullfrogs
  Dowan (D:5)
  A water moccasin zombie (D:6)
  2 water moccasin skeletons
  6 scorpions
  2 troll zombies (D:9)
  3 vampire bats (D:2)
  9 electric eels
  4 crimson imps
  2 centaur zombies
  A bullfrog zombie (D:5)
  6 jellies
  7 hounds
  11 orc priests
  2 iguanas
  6 worker ants
  Ijyb (D:4)
  Natasha (thrice) (D:4)
  14 orc wizards
  6 ogre zombies (D:9)
  2 hound skeletons
  8 gnolls
  10 adders
  A shadow imp (D:9)
  An adder zombie (D:9)
  An ooze (D:1)
  An adder skeleton (D:4)
  A dart slug (D:1)
  10 leopard geckos
  64 orcs
  A ball python (D:4)
  3 bat skeletons (D:2)
  A bat zombie (D:2)
  7 giant cockroaches
  6 goblins
  6 hobgoblins
  13 jackals
  21 kobolds
  5 quokkas
  4 bats
  4 frilled lizards
  A goblin skeleton (D:9)
  A goblin zombie (D:9)
  A hobgoblin skeleton (D:9)
  2 hobgoblin zombies (D:9)
  A jackal skeleton (D:8)
  A leopard gecko skeleton (D:5)
  2 orc skeletons (D:9)
  18 orc zombies (D:9)
  7 rats
  2 fungi (Lair:6)
617 creatures vanquished.

Vanquished Creatures (others)
  An adder zombie (D:8)
  2 orcs
  59 fulminant prisms
  5 fungi
  22 plants
89 creatures vanquished.

Grand Total: 706 creatures vanquished

Notes
Turn   | Place    | Note
-------+----------+-------------------------------------------
     0 | D:1      | DearestLeader the Draconian Conjurer began the quest for
                  | the Orb.
     0 | D:1      | Reached XP level 1. HP: 14/14 MP: 3/3
   285 | D:1      | Reached XP level 2. HP: 16/20 MP: 0/5
   567 | D:1      | Learned a level 2 spell: Searing Ray
  1009 | D:1      | Reached skill level 5 in Conjurations
  1009 | D:1      | Reached XP level 3. HP: 19/26 MP: 6/6
  2158 | D:2      | Reached XP level 4. HP: 33/33 MP: 7/7
  2165 | D:2      | Found an ancient bone altar of Kikubaaqudgha.
  2174 | D:2      | Reached skill level 6 in Conjurations
  2180 | D:2      | Reached XP level 5. HP: 32/38 MP: 0/8
  3359 | D:3      | Reached skill level 7 in Conjurations
  3440 | D:3      | Found a sparkling altar of Nemelex Xobeh.
  3685 | D:3      | Learned a level 4 spell: Fulminant Prism
  3815 | D:4      | Reached XP level 6. HP: 41/45 MP: 5/9
  3859 | D:4      | Noticed Natasha
  3864 | D:4      | Killed Natasha
  3927 | D:4      | Noticed Natasha
  3934 | D:4      | Reached skill level 1 in Hexes
  3939 | D:4      | Killed Natasha
  4080 | D:4      | Noticed Natasha
  4127 | D:4      | Killed Natasha
  4464 | D:4      | Noticed Edmund
  4607 | D:4      | Killed Edmund
  4607 | D:4      | Reached skill level 8 in Conjurations
  4607 | D:4      | Your scales start taking on a rich purple colour.
  4607 | D:4      | Reached XP level 7. HP: 25/50 MP: 0/10
  4835 | D:4      | Noticed Ijyb
  4843 | D:4      | Killed Ijyb
  4961 | D:4      | Got a dazzling rapier
  4961 | D:4      | Identified the +7 rapier of Uruxoly {drain, Str+8} (You
                  | found it on level 4 of the Dungeon)
  5180 | D:5      | Entered Level 5 of the Dungeon
  5189 | D:5      | Found a glowing silver altar of Zin.
  5248 | D:5      | Found a burning altar of Makhleb.
  5265 | D:5      | Found a shimmering altar of Xom.
  5331 | D:5      | Reached skill level 1 in Fighting
  5515 | D:5      | Noticed Grinder
  5516 | D:5      | Noticed Sigmund
  5542 | D:5      | Killed Sigmund
  5542 | D:5      | Reached skill level 9 in Conjurations
  5542 | D:5      | Reached XP level 8. HP: 28/61 MP: 2/13
  5545 | D:5      | Paralysed by Grinder for 4 turns
  5553 | D:5      | Killed Grinder
  5744 | D:5      | Noticed Duvessa
  5746 | D:5      | Noticed Dowan
  5773 | D:5      | Killed Duvessa
  5784 | D:5      | Killed Dowan
  6109 | D:5      | Noticed Pikel
  6123 | D:5      | Killed Pikel
  6123 | D:5      | Reached skill level 10 in Conjurations
  6123 | D:5      | Reached skill level 5 in Hexes
  6123 | D:5      | Reached XP level 9. HP: 60/71 MP: 10/16
  6313 | D:5      | Reached skill level 5 in Spellcasting
  6465 | D:5      | Found an ornate altar of the Wu Jian Council.
  7897 | D:7      | Reached skill level 5 in Fighting
  8156 | D:7      | Found a bloodstained altar of Trog.
  8282 | D:7      | Found a staircase to the Ecumenical Temple.
  8304 | D:7      | Reached skill level 1 in Short Blades
  8307 | Temple   | Entered the Ecumenical Temple
  8624 | Temple   | Became a worshipper of Vehumet
  8936 | D:8      | Reached skill level 11 in Conjurations
  9075 | D:8      | Noticed a troll
  9085 | D:8      | Reached XP level 10. HP: 81/81 MP: 5/19
  9215 | D:8      | Noticed Erica
  9233 | D:8      | Killed Erica
  9463 | D:8      | Found a staircase to the Lair.
  9813 | D:8      | Found a hazy altar of Hepliaklqana.
  9818 | D:8      | Noticed a two-headed ogre
  9838 | D:8      | Killed a two-headed ogre
  9838 | D:8      | Reached skill level 12 in Conjurations
 10005 | D:8      | Found Lawuov's Food Shop.
 10080 | D:8      | Found Usatunor's Jewellery Boutique.
 10523 | D:9      | Reached * piety under Vehumet
 10523 | D:9      | Offered knowledge of Sandblast by Vehumet.
 10581 | D:9      | Found a staircase to the Orcish Mines.
 10625 | D:9      | Reached ** piety under Vehumet
 10690 | D:9      | Offered knowledge of Freeze by Vehumet.
 10700 | D:9      | Reached skill level 5 in Short Blades
 10721 | D:9      | HP: 1/81 [troll (13)]
 10965 | D:9      | Reached XP level 11. HP: 55/86 MP: 20/23
 11077 | D:9      | Offered knowledge of Inner Flame by Vehumet.
 11260 | D:9      | Found Kiyntem's Antique Armour Boutique.
 11268 | D:9      | Bought a cloak for 99 gold pieces
 11457 | D:9      | Reached *** piety under Vehumet
 11650 | D:10     | Entered Level 10 of the Dungeon
 11765 | D:9      | Reached skill level 13 in Conjurations
 12157 | D:10     | Offered knowledge of Static Discharge by Vehumet.
 12577 | D:10     | Noticed a two-headed ogre
 12616 | D:10     | Killed a two-headed ogre
 12635 | D:10     | Reached **** piety under Vehumet
 13271 | Lair:1   | Entered Level 1 of the Lair of Beasts
 13276 | Lair:1   | Reached skill level 1 in Shields
 14455 | Lair:1   | Offered knowledge of Iskenderun's Battlesphere by Vehumet.
 14465 | Lair:1   | Learned a level 5 spell: Iskenderun's Battlesphere
 14682 | Lair:1   | Reached skill level 14 in Conjurations
 14847 | Lair:1   | Reached XP level 12. HP: 72/94 MP: 22/25
 15901 | Lair:2   | Reached skill level 10 in Spellcasting
 16404 | Lair:2   | Noticed a five-headed hydra
 16898 | Lair:2   | Found a staircase to the Snake Pit.
 17202 | Lair:2   | Killed a five-headed hydra
 17202 | Lair:2   | Reached skill level 5 in Dodging
 17202 | Lair:2   | Reached skill level 15 in Conjurations
 17620 | Lair:2   | Got a smoking hat
 17625 | Lair:2   | Identified the +0 hat "Curr" {*Slow rC++ Int+5} (You found
                  | it on level 2 of the Lair of Beasts)
 17704 | Lair:2   | Reached ***** piety under Vehumet
 18405 | Lair:3   | Noticed a five-headed hydra
 18411 | Lair:3   | Killed a five-headed hydra
 18655 | Lair:3   | Offered knowledge of Irradiate by Vehumet.
 18704 | Lair:3   | Noticed Nergalle
 18713 | Lair:3   | Killed Nergalle
 18734 | Lair:3   | Reached XP level 13. HP: 34/100 MP: 7/28
 19279 | Lair:3   | Identified 3 scrolls of acquirement
 19280 | Lair:3   | Acquired an uncursed staff of conjuration
 19284 | Lair:3   | Acquired the Volume of Unholy Intoxication
 19288 | Lair:3   | Acquired the +2 pair of gloves of the Dragon {rF++ MP+9
                  | Dex-5 Slay+3}
 20650 | Lair:4   | Learned a level 2 spell: Swiftness
 21139 | Lair:4   | Reached skill level 1 in Charms
 21440 | Lair:4   | Found the +8 whip "Snakebite" {curare, rPois}
 21538 | Lair:4   | Found a staircase to the Swamp.
 22338 | Lair:5   | Offered knowledge of Sticky Flame by Vehumet.
 22420 | Lair:5   | Reached skill level 16 in Conjurations
 22430 | Lair:5   | Found a staircase to the Slime Pits.
 22949 | Lair:5   | Noticed Urug
 22967 | Lair:5   | Killed Urug
 23625 | Lair:6   | Entered Level 6 of the Lair of Beasts
 25432 | Lair:6   | Reached XP level 14. HP: 94/107 MP: 29/30
 26152 | Lair:6   | Identified a +2 pair of boots of running (You found it on
                  | level 6 of the Lair of Beasts)
 26177 | Lair:6   | Reached skill level 5 in Charms
 26728 | Orc:1    | Entered Level 1 of the Orcish Mines
 26738 | Orc:1    | Noticed Maurice
 26750 | Orc:1    | Killed Maurice
 26856 | Orc:1    | Reached skill level 17 in Conjurations
 27257 | Orc:2    | Entered Level 2 of the Orcish Mines
 27257 | Orc:2    | Noticed Sonja
 27261 | Orc:2    | Killed Sonja
 27278 | Orc:2    | Noticed an orc warlord
 27281 | Orc:2    | Offered knowledge of Bolt of Magma by Vehumet.
 27354 | Orc:2    | Found Gikaurid's Food Shop.
 27355 | Orc:2    | Found Igauf's Food Shoppe.
 27425 | Orc:2    | Found a staircase to the Elven Halls.
 27425 | Orc:2    | Noticed Jorgrun
 27432 | Orc:2    | Killed Jorgrun
 27872 | Orc:2    | Paralysed by an ogre mage for 7 turns
 27877 | Orc:2    | Mangled by a two-headed ogre

Illustrated notes

Levels and vault maps discovered:
D:1:      roderic_chinese_lattice_arrival, layout_basic
D:2:      layout_basic, kennysheep_vampire_church
D:3:      layout_basic, first_ration, st_stairs_4, nemelex_altar_shiori
D:4:      layout_loops_cross, hangedman_decor_growths, uniq_ijyb, uniq_natasha,
          uniq_edmund
D:5:      layout_basic, nicolae_overflow_quartered_altars, uniq_pikel,
          uniq_sigmund, uniq_duvessa, uniq_grinder
D:6:      layout_layer_cave, hangedman_abyss_or_decor_stagger
D:7:      layout_loops_ring, minmay_temple_entry_gardened_gates, basic_altar,
          the_bakery
D:8:      layout_basic, kennysheep_mini, erik_lair_island, serial_shops,
          nicolae_shop_crystal, shop_statue, uniq_erica
D:9:      layout_cave_pools, zombieorc2_lemuel, serial_shops, shop_fountains
D:10:     layout_rooms
Temple:   eino_temple_scatter_basement
Lair:1:   layout_long_grid, chequers_serial_rivers_large_a,
          chequers_serial_rivers_marsh, beast_lair_carwin_2, grunt_megastairs_4
Lair:2:   layout_cave_pods, minmay_snake_entry_guardpost_small,
          minmay_shattered_shrine, infiniplex_staircase_pool
Lair:3:   layout_chaotic_city, serial_bayou, serial_bayou_lagoon_b,
          serial_bayou_pond_e, serial_bayou_pond_c, serial_bayou_pond_b,
          hibernation_bobbens, serial_bayou_shore_a, lemuel_fruit_tree,
          uniq_nergalle
Lair:4:   minmay_guarded_unrand_snakebite, layout_small_grid,
          minmay_swamp_entry_swarm
Lair:5:   layout_cave_pods, minmay_slime_entry_pillars, uniq_urug
Lair:6:   minmay_lair_end_frog_pond, layout_regular_city,
          infiniplex_staircase_pool_2, serial_bayou_shore_b
Orc:1:    layout_diamond_mine, uniq_maurice
Orc:2:    st_orc_open, layout_caves, uniq_sonja, uniq_jorgrun

Skill      XL: |  1  2  3  4  5  6  7  8  9 10 11 12 13 14 |
---------------+-------------------------------------------+-----
Conjurations   | 5 6 7 8 9 10 11 12 14 15 16 17 | 17.4
Hexes          | 2 4 5 6 |  6.1
Fighting       | 2 4 5 6 |  6.5
Spellcasting   | 3 4 6 8 9 11 12 | 12.8
Short Blades   | 2 5 6 |  6.1
Dodging        | 3 5 7 8 |  8.4
Shields        | 3 4 |  4.0
Charms         | 4 5 |  5.0
Stealth        | |  1.7

Action                   |  1- 3 |  4- 6 |  7- 9 | 10-12 | 13-15 || total
-------------------------+-------+-------+-------+-------+-------++-------
Melee: Whip              |    78 |   102 |       |       |    28 ||   208
       Tailslap          |     8 |     8 |    18 |    76 |    27 ||   137
       Unarmed           |     1 |       |       |       |       ||     1
       Rapier            |       |       |   184 |   497 |   209 ||   890
       Staff             |       |       |       |       |    33 ||    33
 Cast: Magic Dart        |    24 |    12 |     1 |    38 |    49 ||   124
       Searing Ray       |     2 |    18 |    22 |    65 |   111 ||   218
       Fulminant Prism   |       |       |     2 |    35 |    24 ||    61
       Iskenderun's Batt |       |       |       |    17 |    49 ||    66
       Swiftness         |       |       |       |       |     2 ||     2
  Use: Potion            |       |       |     2 |       |       ||     2
       Scroll            |       |       |       |    18 |     9 ||    27
 Stab: Sleeping          |     3 |     1 |     5 |     1 |       ||    10
       Distracted        |       |     1 |       |       |       ||     1
  Eat: Chunk             |     4 |     5 |    13 |    29 |    29 ||    80
       Ration            |       |     1 |     1 |     2 |     1 ||     5
Armor: Skin              |    26 |    56 |   102 |   184 |   125 ||   493
Dodge: Dodged            |    51 |   132 |   139 |   321 |   260 ||   903
       Repelled          |       |       |       |       |    10 ||    10
Block: Other             |       |       |    21 |    82 |       ||   103
       Reflection        |       |       |       |     2 |       ||     2
       Buckler           |       |       |       |    81 |   158 ||   239
